 Dungeon Crawl Stone Soup version 0.30.0-30-g96aa6591b8 (webtiles) character file.

Game seed: 12914320310497710139

88618 fumungo the Severer (level 15, -1/143 HPs)
             Began as a Minotaur Fighter on June 27, 2023.
             Was the Champion of the Shining One.
             Slain by a water elemental (4 damage)
             ... summoned by Ilsuiw
             ... on level 3 of the Shoals.
             The game lasted 00:42:09 (25710 turns).

fumungo the Severer (Minotaur Fighter)             Turns: 25710, Time: 00:42:10

Health: -1/143     AC: 33    Str: 37    XL:     15   Next: 47%
Magic:  14/14      EV:  9    Int:  7    God:    the Shining One [******]
Gold:   2821       SH: 14    Dex: 16    Spells: 14/14 levels left

rFire   + . .        a - +1 war axe (heavy)
rCold   . . .        S - +1 kite shield {rF+}
rNeg    + + +        w - +3 crystal plate armour
rPois   +            s - +0 hat of Inviolability {rCorr}
rElec   .            y - +1 cloak {rPois}
rCorr   +            (no gloves)
SInv    .            n - +0 pair of boots
Will    ++...        f - amulet of faith Stlth
                     i - ring "Xaan" {Drain rCorr Str+6 Int+3}
HPRegen 0.43/turn    g - +6 ring of dexterity
MPRegen 0.14/turn

%: random rage (3%), faith
@: engulfed (cannot breathe), glowing, studying 2 skills, unable to read
A: horns 2, retaliatory headbutt, berserk 1, strong-willed 1, strong 1,
inability to read after injury 1
a: Renounce Religion, Divine Shield, Cleansing Flame, Summon Divine Warrior,
Brand Weapon With Holy Wrath


You were on level 3 of the Shoals.
You worshipped the Shining One.
The Shining One was exalted by your worship.
You visited 5 branches of the dungeon, and saw 23 of its levels.
You also visited: Volcano.

You collected 3475 gold pieces.
You spent 654 gold pieces at shops.

Inventory:

Hand Weapons
 a - a +1 heavy war axe (weapon)
 G - a +1 mace of venom
 M - the +12 glaive of Prune {freeze, Prune}
   (You took it off a tengu conjurer on level 11 of the Dungeon)

   Prune:     It halves damage taken while paralysed, petrified or unconscious.
Missiles
 q - 2 throwing nets (quivered)
Armour
 n - a +0 pair of boots (worn)
 s - the +0 hat of Inviolability (worn) {rCorr}
   (You acquired it on level 9 of the Dungeon)

   rCorr:     It protects you from acid and corrosion.
 w - a +3 crystal plate armour (worn)
 y - a +1 cloak of poison resistance (worn)
 S - a +1 kite shield of fire resistance (worn)
Jewellery
 f - an amulet of faith (around neck)
 g - a +6 ring of dexterity (right hand)
 i - the ring "Xaan" (left hand) {Drain rCorr Str+6 Int+3}
   (You found it on level 3 of the Dungeon)

   [ring of strength]

   Str:       It affects your strength (+6).
   Int:       It affects your intelligence (+3).
   rCorr:     It protects you from acid and corrosion.
   Drain:     It drains your maximum health when unequipped.
 l - the ring of Due Proportion {Fly rC+ Will- Dex+6 Stlth+}
   (You found it on level 7 of the Dungeon)

   [ring of dexterity]

   Dex:       It affects your dexterity (+6).
   rC:        It protects you from cold.
   Fly:       It grants you flight.
   Will:      It decreases your willpower.
   Stlth:     It makes you more stealthy.
 C - a ring of poison resistance
 N - a ring of protection from fire
 V - a ring of ice
Wands
 e - a wand of flame (5)
 t - a wand of mindburst (7)
 v - a wand of charming (1)
 D - a wand of digging (9)
Scrolls
 d - 2 scrolls of blinking
 h - 4 scrolls of fog
 j - 9 scrolls of teleportation
 p - a scroll of magic mapping
 E - 2 scrolls of amnesia
 L - 8 scrolls of identify
 P - 2 scrolls of poison
Potions
 b - 4 potions of attraction
 c - a potion of might
 m - 4 potions of curing
 o - a potion of magic
 u - 3 potions of flight
 x - 3 potions of brilliance
 A - a potion of lignification
 O - 2 potions of berserk rage
 U - 4 potions of heal wounds


   Skills:
 + Level 15.8 Fighting
 + Level 19.3(19.5) Axes
 + Level 4.7(13.5) Maces & Flails
 + Level 17.9 Armour
 + Level 3.9 Dodging
 + Level 2.3 Stealth
 + Level 13.8 Shields


You had 14 spell levels left.
You didn't know any spells.
Your spell library contained the following spells:

 Spells                   Type           Power      Damage    Failure   Level
 Apportation              Tloc           0%         N/A       99%         1
 Necrotise                Necr           0%         1d4       99%         1
 Sandblast                Erth           0%         2d4       99%         1
 Sting                    Tmut/Pois      0%         1d3       99%         1
 Summon Small Mammal      Summ           0%         N/A       99%         1
 Blink                    Tloc           0%         N/A       100%        2
 Ensorcelled Hibernation  Hex/Ice        0%         N/A       100%        2
 Lesser Beckoning         Tloc           0%         N/A       100%        2
 Momentum Strike          Conj/Tloc      0%         3d8       100%        2
 Passwall                 Tmut/Erth      0%         N/A       100%        2
 Poisonous Vapours        Pois/Air       0%         N/A       100%        2
 Scorch                   Fire           0%         2d5       100%        2
 Dazzling Flash           Conj/Hex       0%         N/A       100%        3
 Gell's Gravitas          Tloc           0%         N/A       100%        3
 Mephitic Cloud           Conj/Pois/Air  0%         N/A       100%        3
 Portal Projectile        Hex/Tloc       0%         N/A       100%        3
 Spider Form              Tmut/Pois      0%         N/A       100%        3
 Stone Arrow              Conj/Erth      0%         3d7       100%        3
 Summon Guardian Golem    Hex/Summ       0%         N/A       100%        3
 Teleport Other           Tloc           0%         N/A       100%        3
 Tukima's Dance           Hex            0%         N/A       100%        3
 Anguish                  Hex/Necr       0%         N/A       100%        4
 Olgreb's Toxic Radiance  Pois           0%         N/A       100%        4
 Agony                    Necr           0%         N/A       100%        5
 Alistair's Intoxication  Tmut/Pois      0%         N/A       100%        5
 Blade Hands              Tmut           0%         N/A       100%        5
 Borgnjor's Vile Clutch   Necr/Erth      0%         N/A       100%        5
 Silence                  Hex/Air        0%         N/A       100%        5
 Dispersal                Tloc           0%         N/A       100%        6
 Eringya's Noxious Bog    Tmut/Pois      0%         N/A       100%        6
 Orb of Destruction       Conj           0%         9d5       100%        7
 Spellforged Servitor     Conj/Summ      0%         N/A       100%        7


Dungeon Overview and Level Annotations

Branches:
Dungeon (15/15)            Temple (1/1) D:5            Lair (2/5) D:10
 Shoals (3/4) Lair:2          Orc (2/2) D:11            Elf (0/3) Orc:2
 Vaults (0/5) D:13        Volcano (visited)
  Snake: Lair:2-3    Spider: Lair:2-3    Depths: D:15

Altars:
Ashenzari
Dithmenos
Fedhas
Gozag
Hepliaklqana
Kikubaaqudgha
Makhleb
Nemelex Xobeh
Qazlal
Ru
Sif Muna
Trog
Uskayaw
Vehumet
Wu Jian
Xom
Yredelemnul
Zin
The Shining One

Shops:
D:4 [   D:6 *   D:11 *   Orc:2 [(:!

Annotations:
D:11 3 runed translucent doors, croobank's ghost, journeyman HuFE
D:14 2 transporters, passiveaggressive's ghost, adept KoBr
Shoals:3 Ilsuiw


Innate Abilities, Weirdness & Mutations

You have a pair of horns on your head.
You reflexively headbutt those who attack you in melee.
You sometimes lose your temper in combat.
You are strong-willed. (Will+)
Your muscles are strong. (Str +4, Int/Dex -1)
You occasionally lose the ability to read scrolls when taking damage.


Message History

You block the merfolk impaler's attack. The water elemental hits you.
The water elemental engulfs you in water!
The merfolk impaler hits you but does no damage.
Your magical effects are unravelling.
You feel magically purged.
You feel less wooden.
Your +1 cloak of poison resistance unmelds from your body.
The +0 hat of Inviolability {rCorr} unmelds from your body.
Your +0 pair of boots unmelds from your body.
Your +3 crystal plate armour unmelds from your body.
You feel resistant to poison.
You feel yourself slow down.
* * * LOW HITPOINT WARNING * * *
Your lungs strain for air!
Ilsuiw sings, "To sleep, to sleep... mayhap to drown."
You block the water elemental's attack. x2
The merfolk impaler hits you but does no damage.
You feel better.
* * * LOW HITPOINT WARNING * * *
Your lungs strain for air!
The water elemental hits you. You block the merfolk impaler's attack.
The water elemental hits you.
* * * LOW HITPOINT WARNING * * *
You block the water elemental's attack.
Ilsuiw gestures wildly while chanting.
Ilsuiw sings a water chant to call the tide!
The water elemental attacks as you move away!
The water elemental hits you!
* * * LOW HITPOINT WARNING * * *
You slip free of the water engulfing you.
You gasp with relief as air once again reaches your lungs.
You block the merfolk impaler's attack.
The merfolk impaler hits you but does no damage.
You feel better. The water elemental hits you.
The water elemental engulfs you in water!
You block Ilsuiw's attack.
The merfolk impaler hits you with a +0 trident!
* * * LOW HITPOINT WARNING * * *
The water elemental hits you.
You die...

....~~~~..#
..~~~~~~.~.# ...
..~~~~≈...~###...
..~~~~~..~~.....~~
........~~~...~..~~
........~~~.~~~.~~~≈
≈........~~~~~~~~~~~
........Em~~~~~~~≈~~
.......@EE~~~≈≈...~~
......§.m~~≈≈≈≈...~.
.........~~≈~.....~.
≈.......§..~~~.....~.
≈...........~?####.~
≈.............#
.~!~.......#..#
~~~~.......#..#
~~~........####


You could see Ilsuiw, a merfolk impaler and 3 water elementals.

Vanquished Creatures
  An orc warlord (Orc:2)
  Azrael (D:14)
  2 merfolk javelineers (Shoals:2)
  A fire dragon (Volcano)
  Josephine (Orc:2)
  A merfolk impaler (Shoals:1)
  Harold (D:11)
  2 rakshasas (D:15)
  3 hydras
  Erica (D:8)
  A merfolk avatar (Shoals:1)
  A catoblepas (Lair:1)
  8 centaur warriors
  3 boulder beetles
  2 two-headed ogres
  A tengu warrior (D:14)
  4 death yaks
  2 skysharks
  Lodul (D:14)
  2 sea snakes
  A glowing orange brain (D:15)
  2 orc knights (Orc:1)
  A wizard (D:11)
  A phantasmal warrior (D:15)
  A lindwurm (Volcano)
  3 deep elf pyromancers
  8 harpies (Shoals:2)
  8 cyclopes
  An orc sorcerer (Orc:2)
  A faun (shapeshifter) (D:13)
  3 fauns (Shoals:2)
  8 manticores
  A black mamba (Lair:1)
  19 ugly things
  An elephant (Lair:2)
  5 merfolk sirens
  A water nymph (shapeshifter) (D:11)
  Maurice (D:8)
  2 water nymphs
  Joseph (D:7)
  2 torpor snails (Lair:2)
  4 cane toads
  Maggie (D:6)
  A gargoyle (D:13)
  2 efreet (D:14)
  4 kobold demonologists
  A rime drake (shapeshifter) (D:11)
  3 rime drakes
  Psyche (D:11)
  2 komodo dragons
  3 tengu conjurers
  8 trolls
  8 merfolk
  4 meliai (Lair:2)
  A hornet (shapeshifter) (D:13)
  A hornet (D:10)
  A queen bee (Lair:2)
  A polar bear (D:13)
  A raiju (shapeshifter) (D:13)
  10 blink frogs
  A snapping turtle (Shoals:1)
  A jumping spider (shapeshifter) (D:14)
  9 wyverns
  5 slime creatures
  4 water elementals
  A centaur simulacrum (D:13)
  36 yaks
  12 wraiths
  3 basilisks
  7 fire bats (Volcano)
  A fire elemental (D:14)
  A hog (shapeshifter) (D:13)
  2 vampire mosquitoes (D:11)
  3 wargs
  Menkaure (D:6)
  4 acid dragons
  5 hell hounds
  5 water moccasins
  36 orc warriors
  A sky beast (D:5)
  A black bear (D:7)
  5 wolves
  17 ogres
  10 centaurs
  2 phantoms
  2 kobold brigands
  2 gnoll sergeants
  4 bullfrogs
  6 scorpions
  11 wights
  28 killer bees
  4 howler monkeys
  2 electric eels (D:15)
  5 hounds
  28 orc priests
  2 jellies (D:6)
  Natasha (thrice) (D:2)
  24 orc wizards
  An iguana (D:6)
  27 gnolls
  5 adders
  2 river rats (Lair:2)
  A worm (D:2)
  4 dart slugs
  80 orcs
  10 endoplasms
  4 giant cockroaches
  5 goblins
  7 hobgoblins
  4 jackals (D:4)
  2 quokkas (D:2)
  10 ball pythons
  6 bats
  3 frilled lizards
  13 kobolds
  5 rats
650 creatures vanquished.

Vanquished Creatures (others)
  An orc (Orc:2)
1 creature vanquished.

Grand Total: 651 creatures vanquished

Notes
Turn   | Place    | Note
-------+----------+-------------------------------------------
     0 | D:1      | fumungo the Minotaur Fighter began the quest for the Orb.
     0 | D:1      | Reached XP level 1. HP: 19/19 MP: 0/0
   258 | D:1      | Reached XP level 2. HP: 27/27 MP: 1/1
  1119 | D:2      | Reached skill level 3 in Axes
  1157 | D:2      | Found a faded altar of an unknown god.
  1163 | D:2      | Reached XP level 3. HP: 33/33 MP: 2/2
  1250 | D:2      | Noticed Natasha
  1254 | D:2      | Killed Natasha
  1313 | D:2      | Reached XP level 4. HP: 41/41 MP: 3/3
  1722 | D:2      | Noticed Natasha
  1729 | D:2      | Killed Natasha
  2041 | D:3      | Reached skill level 4 in Axes
  2148 | D:3      | Reached XP level 5. HP: 46/47 MP: 4/4
  2172 | D:3      | Reached skill level 1 in Dodging
  2320 | D:3      | Identified a scroll of acquirement
  2320 | D:3      | Acquired 967 gold pieces
  2537 | D:2      | Noticed Natasha
  2546 | D:2      | Killed Natasha
  3034 | D:3      | Identified the ring "Xaan" {Drain rCorr Str+6 Int+3}
  3556 | D:4      | Reached skill level 5 in Axes
  3631 | D:4      | Reached skill level 5 in Armour
  3693 | D:4      | Reached XP level 6. HP: 44/53 MP: 5/5
  3902 | D:4      | Noticed an animated plate armour
  3906 | D:4      | Found Pug Wut's Armour Shop.
  3907 | D:4      | Noticed an animated pearl dragon scales
  3920 | D:4      | Bought a +0 pair of boots for 45 gold pieces
  4020 | D:4      | Reached skill level 5 in Fighting
  4020 | D:4      | Reached skill level 6 in Axes
  4055 | D:4      | Reached XP level 7. HP: 18/61 MP: 6/6
  5073 | D:5      | Entered Level 5 of the Dungeon
  5130 | D:5      | Reached skill level 7 in Axes
  5307 | D:5      | Reached skill level 8 in Axes
  5307 | D:5      | Reached XP level 8. HP: 51/70 MP: 7/7
  5745 | D:5      | Found a staircase to the Ecumenical Temple.
  5753 | Temple   | Entered the Ecumenical Temple
  5872 | Temple   | Became a worshipper of the Shining One
  6408 | D:6      | Reached skill level 9 in Axes
  6501 | D:6      | Noticed Menkaure
  6504 | D:6      | Killed Menkaure
  6524 | D:6      | Found a sparkling altar of Nemelex Xobeh.
  6770 | D:6      | Found Boumiado's General Store.
  6911 | D:6      | Noticed Maggie
  6920 | D:6      | Killed Maggie
  6921 | D:6      | Reached skill level 1 in Stealth
  6921 | D:6      | Reached skill level 5 in Shields
  7020 | D:6      | Reached XP level 9. HP: 78/78 MP: 8/8
  7070 | D:6      | Reached skill level 10 in Axes
  7164 | D:6      | Found a shimmering blue altar of Sif Muna.
  7320 | D:7      | Identified the ring of Due Proportion {Fly rC+ Will- Dex+6
                  | Stlth+}
  7490 | D:7      | Reached * piety under the Shining One
  7514 | D:7      | Noticed Joseph
  7522 | D:7      | Killed Joseph
  8137 | D:8      | Reached skill level 11 in Axes
  8502 | D:8      | Reached XP level 10. HP: 78/88 MP: 9/9
  8639 | D:8      | Noticed Maurice
  8648 | D:8      | Killed Maurice
  8649 | D:8      | Reached skill level 12 in Axes
  9103 | D:8      | Noticed Erica
  9106 | D:8      | Killed Erica
  9208 | D:8      | Found a sacrificial altar of Ru.
  9210 | D:8      | Reached ** piety under the Shining One
  9473 | D:9      | Reached skill level 10 in Armour
  9484 | D:9      | Acquired the +0 hat of Inviolability {rCorr}
  9632 | D:9      | Reached skill level 13 in Axes
 10692 | D:10     | Entered Level 10 of the Dungeon
 10801 | D:10     | Reached *** piety under the Shining One
 10806 | D:10     | Reached XP level 11. HP: 88/97 MP: 10/10
 10970 | D:10     | Found an ancient bone altar of Kikubaaqudgha.
 11100 | D:10     | Found a staircase to the Lair.
 11151 | D:10     | Reached skill level 14 in Axes
 11477 | D:11     | Noticed Psyche
 11483 | D:11     | Killed Psyche
 11737 | D:11     | Reached skill level 10 in Fighting
 11816 | D:11     | Noticed a white ugly thing
 11822 | D:11     | Killed a white ugly thing
 11827 | D:11     | Noticed an eight-headed hydra
 11831 | D:11     | The Shining One protects you from harm!
 12249 | D:11     | Noticed Harold
 12260 | D:11     | Killed Harold
 12298 | D:11     | Found a runed translucent gate.
 12298 | D:11     | Found a runed translucent gate.
 12298 | D:11     | Found a runed translucent gate.
 12299 | D:11     | Found an opulent altar of Gozag.
 12300 | D:11     | Noticed croobank's ghost (journeyman HuFE)
 12328 | D:11     | Found a staircase to the Orcish Mines.
 12344 | D:11     | Noticed a centaur warrior
 12352 | D:11     | Killed a centaur warrior
 12353 | D:11     | Reached skill level 15 in Axes
 12494 | D:11     | Reached **** piety under the Shining One
 12763 | D:11     | Noticed a wizard
 12770 | D:11     | Killed a wizard
 12773 | D:11     | Noticed a seven-headed hydra
 12926 | D:11     | Found a radiant altar of Vehumet.
 12969 | D:11     | Found Onifyagod's Assorted Antiques.
 12976 | D:11     | Bought a glowing battleaxe for 294 gold pieces
 13127 | D:12     | Reached XP level 12. HP: 99/108 MP: 11/11
 13340 | D:13     | Found a gate to the Vaults.
 13349 | D:13     | HP: 5/110 [brown ugly thing (5)]
 13349 | D:13     | HP: 2/110 [acid (3)]
 13646 | D:12     | Reached skill level 16 in Axes
 13937 | D:12     | You fall into a shaft and drop 1 floor!
 13939 | D:13     | Noticed a centaur warrior
 13944 | D:13     | Killed a centaur warrior
 14280 | D:13     | Noticed a two-headed ogre
 14290 | D:13     | Killed a two-headed ogre
 14904 | D:14     | Reached ***** piety under the Shining One
 14919 | D:14     | Noticed Lodul
 14926 | D:14     | Noticed Azrael
 14931 | D:14     | Killed Lodul
 14937 | D:14     | Killed Azrael
 14997 | D:14     | Noticed a centaur warrior
 15003 | D:14     | Killed a centaur warrior
 15157 | D:14     | Reached XP level 13. HP: 119/119 MP: 12/12
 15168 | D:14     | Found a basalt altar of Yredelemnul.
 15273 | D:14     | Reached skill level 17 in Axes
 15424 | D:14     | Found a transporter.
 15429 | D:14     | Noticed passiveaggressive's ghost (adept KoBr)
 15431 | D:14     | Found a transporter.
 16148 | D:15     | Entered Level 15 of the Dungeon
 16989 | D:15     | Reached skill level 15 in Armour
 17248 | D:15     | Reached skill level 10 in Shields
 18042 | D:11     | Reached ****** piety under the Shining One
 18049 | D:11     | Reached skill level 18 in Axes
 18195 | D:11     | Got Lareiz's Papyrus of Combustion and the Coward
 18469 | D:11     | Reached XP level 14. HP: 84/130 MP: 13/13
 19003 | D:11     | Reached skill level 1 in Maces & Flails
 19056 | Orc:1    | Entered Level 1 of the Orcish Mines
 19789 | Orc:2    | Entered Level 2 of the Orcish Mines
 19811 | Orc:2    | Noticed Josephine
 19822 | Orc:2    | Killed Josephine
 19851 | Orc:2    | Found Teighol's Book Emporium.
 19976 | Orc:2    | Found a staircase to the Elven Halls.
 20252 | Orc:2    | Found a dark tunnel.
 20259 | Volcano  | Entered a volcano
 20653 | Orc:2    | Found Xyets's Distillery.
 20670 | Orc:2    | Bought a potion of haste for 150 gold pieces
 20670 | Orc:2    | Bought a potion of heal wounds for 75 gold pieces
 20670 | Orc:2    | Bought a potion of curing for 45 gold pieces
 20670 | Orc:2    | Bought a potion of lignification for 45 gold pieces
 20696 | Orc:2    | Noticed an orc warlord
 20713 | Orc:2    | Killed an orc warlord
 20730 | Orc:2    | Found Ziggy's Antique Weapon Shoppe.
 20981 | Orc:2    | Found Qoxt's Antique Armour Emporium.
 21453 | Lair:1   | Entered Level 1 of the Lair of Beasts
 21486 | Lair:1   | Acquired a manual of Shields
 22036 | Lair:1   | Gained mutation: You are weak. (Str -2) [potion of
                  | mutation]
 22036 | Lair:1   | Gained mutation: You are very weak. (Str -4) [potion of
                  | mutation]
 22036 | Lair:1   | Lost mutation: You are very weak. (Str -4) [potion of
                  | mutation]
 22037 | Lair:1   | Lost mutation: You are weak. (Str -2) [potion of mutation]
 22037 | Lair:1   | Gained mutation: You have hidden genetic defects. [potion
                  | of mutation]
 22037 | Lair:1   | Gained mutation: Your muscles are strong. (Str +4, Int/Dex
                  | -1) [potion of mutation]
 22037 | Lair:1   | Gained mutation: You are strong-willed. (Will+) [potion of
                  | mutation]
 22679 | Lair:2   | Reached skill level 15 in Fighting
 22986 | Lair:2   | Found the +18 Lear's hauberk
 23065 | Lair:2   | Gained mutation: You sometimes lose your temper in combat.
                  | [hidden defects]
 23182 | Lair:2   | Identified the +0 ring mail of Resonance {Dex+6}
 23370 | Lair:2   | Reached XP level 15. HP: 129/141 MP: 14/14
 23512 | Shoals:1 | Entered Level 1 of the Shoals
 23521 | Shoals:1 | Reached skill level 19 in Axes
 23548 | Shoals:1 | Gained mutation: You occasionally lose the ability to read
                  | scrolls when taking damage. [hidden defects]
 23548 | Shoals:1 | Lost mutation: You have hidden genetic defects. [hidden
                  | defects expressed]
 24151 | Shoals:1 | You fall into a shaft and drop 1 floor!
 24580 | Shoals:2 | HP: 3/141 [faun/+0 spear (14)]
 24581 | Shoals:2 | HP: 1/141 [poisoned by a merfolk javelineer]
 25678 | Shoals:3 | Noticed Ilsuiw
 25697 | Shoals:3 | The Shining One protects you from harm!
 25699 | Shoals:3 | HP: 5/143 [merfolk impaler/+0 trident[Ilsuiw] (13)]
 25707 | Shoals:3 | HP: 3/143 [drowned by a water elemental[Ilsuiw] (3)]
 25709 | Shoals:3 | HP: 1/143 [water elemental[Ilsuiw] (7)]
 25710 | Shoals:3 | Slain by a water elemental

Illustrated notes

Levels and vault maps discovered:
D:1:      matt_arrival_grand_opening, layout_basic
D:2:      layout_basic, serial_corexii_hall, chequers_hall_statues_y,
          corexii_hall_statues_x, corexii_hall_statues_t,
          corexii_hall_statues_deadend, corexii_hall_statues_x,
          chequers_hall_statues_corner_a, chequers_ecumenical_altar_simple,
          minmay_tromino_i2, uniq_natasha
D:3:      layout_basic, st_stairs_9, fountainhead
D:4:      layout_layer_cave, serial_shops, nicolae_shop_mannequins
D:5:      layout_basic, minmay_temple_entry_overgrown, minmay_manual_mares
D:6:      layout_gridville, nicolae_sif_muna_little_library,
          general_overflow_altar, serial_shops,
          nicolae_shop_pleasant_corner_grove, uniq_menkaure, uniq_maggie
D:7:      layout_gridville, uniq_joseph
D:8:      layout_gridville, kennysheep_mini_moat, minmay_misc_feat_square,
          nicolae_figureground_pulse, uniq_erica, uniq_maurice
D:9:      layout_basic
D:10:     layout_irregular_city, overflow_temple_1_default, lair_entry_dummy
D:11:     minmay_the_grid_octo_tiled_squarecenter_mashed
          [minmay_the_grid_octo_teeth, minmay_the_grid_octo_77,
          minmay_the_grid_octo_tetromino_candy, minmay_the_grid_octo_clover,
          minmay_the_grid_square_5x5_megaprize_checkered,
          minmay_the_grid_square_5x5_inner_i, minmay_the_grid_square_5x5_tie,
          minmay_the_grid_square_5x5_two, minmay_the_grid_square_5x5_eight],
          layout_grid_maze, orc_0_dummy, serial_shops, shop,
          ebering_ghost_gozag, st_stairs_9, hex_tiny, nicolae_vehumet_radiance,
          uniq_psyche, uniq_harold
D:12:     layout_irregular_city, portal_ice_cave_entry_animals_and_master,
          chequers_serial_rivers_micro_d, chequers_guarded_unrand_ignorance,
          uniq_kirke, uniq_erolcha
D:13:     layout_loops_ring, david_vaults_2, gauntlet_entry_generic, serial_ice,
          serial_ice_m, serial_ice_d, serial_ice_j, serial_ice_e,
          chequers_serial_rivers_large_b, hangedman_abyss_or_decor_stagger
D:14:     layout_loops_ring, gammafunk_ghost_mausoleum,
          minmay_misc_feat_four_crosses, yredelemnul_altar_generic, uniq_azrael,
          uniq_lodul
D:15:     gammafunk_enter_depths_forms, layout_basic, serial_glass,
          glass_columns_b, glass_columns_b, glass_columns_b, glass_columns_a,
          glass_columns_a, glass_columns_a, glass_columns_a, glass_columns_b,
          glass_columns_b, glass_columns_b, dk_noncrumbling_2
Temple:   dpeg_five_rooms_temple
Lair:1:   layout_loops_ring, minmay_shattered_shrine
Lair:2:   regret_index_combs_of_tragedy, layout_hall_layers,
          nicolae_shoals_entry_flooding
Shoals:1: layout_shoals, nicolae_shoals_mertower, uniq_aizul
Shoals:2: layout_shoals
Shoals:3: layout_shoals, nicolae_splish_splash, uniq_ilsuiw
Orc:1:    layout_caves
Orc:2:    grunt_orc_community_town_hall, layout_diamond_mine,
          grunt_orc_community_big_house_1, grunt_orc_community_big_house_1,
          grunt_orc_community_house_2, grunt_orc_community_house_3,
          grunt_orc_community_house_2, grunt_orc_community_house_1,
          grunt_orc_community_house_3, nicolae_volcano_entry_lava_flow,
          uniq_josephine

Skill      XL: |  1  2  3  4  5  6  7  8  9 10 11 12 13 14 15 |
---------------+----------------------------------------------+-----
Fighting       | 4 5 6 7 9 10 12 13 15 | 15.8
Axes           | 3 4 5 6 8 9 11 13 15 16 18 19 | 19.3
Armour         | 4 5 6 8 9 10 11 13 15 17 | 17.9
Shields        | 4 5 6 8 9 10 11 13 | 13.8
Dodging        | 1 2 3 |  3.9
Stealth        | 1 2 |  2.3
Maces & Flails | 4 |  4.7

Action                     |  1- 3 |  4- 6 |  7- 9 | 10-12 | 13-15 || total
---------------------------+-------+-------+-------+-------+-------++-------
  Melee: War axe           |    58 |   112 |   125 |   305 |   624 ||  1224
         Headbutt          |     6 |    11 |    20 |    81 |   147 ||   265
         Mace              |       |       |       |       |    68 ||    68
    Use: Scroll            |     1 |    12 |     1 |    14 |    11 ||    39
         Potion            |       |       |       |     5 |    12 ||    17
 Armour: Scale mail        |    25 |    65 |    18 |       |       ||   108
         Chain mail        |       |       |    66 |    89 |       ||   155
         Crystal plate arm |       |       |       |   133 |   507 ||   640
         Skin              |       |       |       |       |     2 ||     2
  Dodge: Dodged            |    31 |    84 |    84 |   132 |   236 ||   567
  Block: Buckler           |     4 |    27 |    33 |   101 |    79 ||   244
         Kite shield       |       |       |       |       |   322 ||   322
